 Dungeon Crawl Stone Soup version 0.24.0-123-gd5b16e6ec5 (webtiles) character file.

Game seed: 9834276141174857886, levelgen mode: deterministic

17069 Ponchio the Thaumaturge (level 12, -12/71 HPs)
             Began as a Deep Elf Earth Elementalist on Dec 31, 2019.
             Was a High Priest of Vehumet.
             Hit by a javelin thrown by a minotaur (32 damage)
             ... in a Gauntlet.
             The game lasted 01:17:26 (14375 turns).

Ponchio the Thaumaturge (DEEE)                     Turns: 14375, Time: 01:17:26

Health: -12/71     AC:  8    Str:  5    XL:     12   Next: 15%
Magic:  5/46       EV: 21    Int: 31    God:    Vehumet [*****.]
Gold:   306        SH:  0    Dex: 17    Spells: 23/38 levels left

rFire    + + .     SeeInvis .   N - staff of power
rCold    + . .     Gourm    .   (no shield)
rNeg     . . .     Faith    .   a - +2 robe {rF+}
rPois    +         Spirit   .   D - +1 hat
rElec    .         Reflect  .   k - scarf {rC+ rF+}
rCorr    .         Harm     .   F - +1 pair of gloves
MR       ++...     NoTele   +   X - +0 pair of boots of the Mind {rPois} (curse)
Stlth    ++++......             r - amulet of magic regeneration
HPRegen  0.21/turn              L - ring of stealth
MPRegen  0.55/turn              o - ring of protection from magic

@: brilliant
A: talons 1, thin skeletal structure 1
a: Renounce Religion


You were in a Gauntlet.
You worshipped Vehumet.
Vehumet was extremely pleased with you.
You were not hungry.

You visited 4 branches of the dungeon, and saw 14 of its levels.
You also visited: Gauntlet.

You collected 562 gold pieces.
You spent 256 gold pieces at shops.

Inventory:

Hand Weapons
 p - a +5 dagger of venom
 P - a +1 short sword of speed
 U - the +6 hunting sling of Disintegration {freeze, *Drain rC- Str+8 Stlth+, unknown}
   (You found it in a Gauntlet)

   It causes projectiles fired from it to freeze those they strike, causing
   extra injury to most foes and up to half again as much damage against
   particularly susceptible opponents.
   They can also slow down cold-blooded creatures.
   It affects your strength (+8).
   It makes you vulnerable to cold.
   It causes draining when unequipped.
   It makes you more stealthy.
Missiles
 R - 25 stones (quivered)
Armour
 a - a +2 robe of fire resistance (worn)
 k - a scarf of resistance (worn)
 y - a +2 shield
 D - a +1 hat (worn)
 F - a +1 pair of gloves (worn)
 X - the cursed +0 pair of boots of the Mind (worn) {rPois}
   (You found it in a Gauntlet)

   It protects you from poison.
   It has a curse placed upon it.
Magical Staves
 E - an uncursed staff of summoning
 N - an uncursed staff of power (weapon)
 W - an uncursed staff of fire
Jewellery
 f - an uncursed ring of flight
 g - a +2 amulet of reflection
 h - an uncursed amulet of the gourmand
 l - an uncursed ring of fire
 o - a ring of protection from magic (right hand)
 r - an amulet of magic regeneration (around neck)
 C - an uncursed amulet of the acrobat
 L - a ring of stealth (left hand)
 O - an uncursed ring of ice
Wands
 b - a wand of enslavement (9)
 c - a wand of iceblast (22)
 A - a wand of digging (5)
 G - a wand of disintegration (15)
 I - a wand of acid (9)
 S - a wand of random effects (14)
Scrolls
 e - 2 scrolls of fear
 s - 3 scrolls of blinking
 t - a scroll of amnesia
 v - 4 scrolls of teleportation
 x - 4 scrolls of remove curse
 H - 2 scrolls of immolation
 Q - a scroll of enchant armour
 V - a scroll of fog
Potions
 i - 2 potions of lignification
 j - a potion of brilliance
 m - 2 potions of curing
 n - 2 potions of flight
 q - 3 potions of mutation
 u - a potion of heal wounds
 w - 2 potions of haste
 z - a potion of invisibility
 B - 6 potions of agility
 J - 2 potions of resistance
 K - a potion of ambrosia
 M - a potion of cancellation {unknown}
 T - a potion of degeneration {unknown}
Comestibles
 d - 21 rations


   Skills:
 + Level 6.6 Fighting
 - Level 12.3 Dodging
 - Level 2.4 Stealth
 + Level 13.8 Spellcasting
 - Level 1.1 Transmutations
 + Level 12.0 Earth Magic


You had 23 spell levels left.
You knew the following spells:

 Your Spells              Type           Power        Failure   Level  Hunger
a - Sandblast             Erth           ######       0%          1    None
b - Passwall              Tmut/Erth      ######..     1%          2    None
c - Stone Arrow           Conj/Erth      ######       1%          3    None
d - Petrify               Tmut/Erth      ######..     1%          4    None
e - Lee's Rapid Deconstr  Erth           #######...   1%          5    None

Your spell library contained the following spells:

 Spells                   Type           Power        Failure   Level  Hunger
 Venom Bolt               Conj/Pois      #####.....   7%          5    None
 Magic Dart               Conj           ####         1%          1    None
 Blink                    Tloc           N/A          1%          2    None
 Call Imp                 Summ           #####...     1%          2    None
 Slow                     Hex            #####...     1%          2    None
 Conjure Flame            Conj/Fire      #####...     1%          3    None
 Mephitic Cloud           Conj/Pois/Air  #####...     1%          3    None


Dungeon Overview and Level Annotations

Branches:
Dungeon (11/15)            Temple (1/1) D:5            Lair (1/6) D:11
    Orc (1/2) D:10        Gauntlet (1/1)

Altars:
Ashenzari
Cheibriados
Dithmenos
Elyvilon
Fedhas
Gozag
Hepliaklqana
Kikubaaqudgha
Makhleb
Nemelex Xobeh
Okawaru
Qazlal
Ru
Sif Muna
Trog
Uskayaw
Vehumet
Wu Jian
Xom
Yredelemnul
Zin
The Shining One

Shops:
D:4 [   D:5 (   D:9 [   D:10 (

Annotations:
D:8 2 transporters, Alannah's ghost, novice DsHu Gauntlet 6 transporters, exclusion: ice statue


Innate Abilities, Weirdness & Mutations

You have sharp toenails.
You have a somewhat thin skeletal structure. (Dex +2, Stealth)


Message History

* * * LOW HITPOINT WARNING * * *
Casting: Lee's Rapid Deconstruction (safe; 1% risk of failure)
Confirm with . or Enter, or press ? or * to list all spells.
Aiming: Lee's Rapid Deconstruction (safe; 1% risk of failure)
Press: ? - help, Dir - move target cursor A granite statue.
The statue shatters!
The blast of rock fragments hits the minotaur.
The minotaur is almost dead.
The minotaur throws a javelin.
The javelin misses you.
Casting: Lee's Rapid Deconstruction (safe; 1% risk of failure)
Confirm with . or Enter, or press ? or * to list all spells.
Aiming: Lee's Rapid Deconstruction (safe; 1% risk of failure)
Press: ? - help, Dir - move target cursor A granite statue.
The statue shatters!
The blast of rock fragments hits the minotaur but does no damage.
The minotaur is almost dead.
The minotaur throws a javelin.
The javelin pierces through you!!
You die...

#8∩8# #[.[# #8.8#
####[./#### ###8.#8.8#.8###
#....#...#....
#.#..#8H8#..# #
#.#..##'##..#.#
#......@......#
#.#.##.#.##.#.# #
#....#....# #
###.#.#######.#.
#...............
#.8.8.8.©.©.8.8.8
#................ ##
################## ##
##≈###≈###.......###≈###≈##


You could see a minotaur.

Vanquished Creatures
  A queen ant (Gauntlet)
  2 two-headed ogres (D:11)
  The ghost of SeriousMike the Grappler, a novice TrMo of the Shining One (D:7)
  A wretched star (Gauntlet)
  An ugly thing (D:11)
  A manticore (D:11)
  A spiny frog (Lair:1)
  A komodo dragon (Lair:1)
  5 blink frogs (Lair:1)
  3 hippogriffs
  2 slime creatures (Gauntlet)
  A spriggan (D:8)
  Sigmund (D:2)
  14 yaks
  Eustachio (D:4)
  A basilisk (Lair:1)
  A wyvern (D:11)
  A wraith (D:9)
  A neqoxec (Gauntlet)
  2 hungry ghosts
  Menkaure (D:4)
  An acid dragon (D:11)
  A warg (Orc:1)
  The ghost of SeriousMike the Grave Robber, an amateur KoNe (D:4)
  6 soldier ants (Gauntlet)
  A phantom (D:11)
  A small abomination (Gauntlet)
  2 sky beasts
  3 ice beasts
  11 orc warriors
  A black bear (D:6)
  2 ogres (D:10)
  2 crocodiles
  9 centaurs
  2 big kobolds
  Blork the orc (D:4)
  9 bullfrogs
  A gnoll sergeant (D:5)
  5 scorpions
  5 killer bees (D:9)
  4 wights (D:8)
  An electric eel (D:10)
  7 howler monkeys
  4 crimson imps
  3 centaur zombies
  A quasit (D:10)
  9 orc priests
  5 hounds
  3 jellies
  2 bullfrog skeletons (D:6)
  5 centaur skeletons
  6 iguanas
  Ijyb (D:3)
  9 worker ants
  6 orc wizards
  A hound zombie (D:8)
  A hound skeleton (D:6)
  17 adders
  7 gnolls
  A howler monkey skeleton (D:4)
  2 shadow imps
  A white imp (D:4)
  An ooze (D:6)
  An adder zombie (D:7)
  2 worms
  A dart slug (D:2)
  7 leopard geckos
  33 orcs
  6 giant cockroaches
  7 goblins
  8 hobgoblins
  6 jackals
  2 quokkas
  4 bats (D:1)
  2 frilled lizards
  A giant cockroach zombie (D:6)
  2 goblin skeletons (D:4)
  3 goblin zombies (D:4)
  A hobgoblin zombie (D:4)
  A jackal skeleton (D:5)
  A jackal zombie (D:7)
  11 kobolds
  2 kobold skeletons (D:4)
  A leopard gecko skeleton (D:4)
  A leopard gecko zombie (D:5)
  2 orc skeletons (D:4)
  A quokka skeleton (D:7)
  7 rats
317 creatures vanquished.

Notes
Turn   | Place    | Note
-------+----------+-------------------------------------------
     0 | D:1      | Ponchio the Deep Elf Earth Elementalist began the quest for
                  | the Orb.
     0 | D:1      | Reached XP level 1. HP: 10/10 MP: 6/6
   343 | D:1      | Reached XP level 2. HP: 15/15 MP: 5/8
  1016 | D:2      | Noticed Sigmund
  1023 | D:2      | Learned a level 2 spell: Passwall
  1197 | D:2      | Reached skill level 4 in Spellcasting
  1267 | D:2      | Reached XP level 3. HP: 19/19 MP: 7/10
  1378 | D:2      | Learned a level 3 spell: Stone Arrow
  1767 | D:2      | Reached XP level 4. HP: 24/24 MP: 10/12
  1773 | D:2      | Learned a level 4 spell: Petrify
  1852 | D:2      | Killed Sigmund
  1852 | D:2      | Reached skill level 6 in Spellcasting
  1852 | D:2      | Reached skill level 5 in Earth Magic
  1852 | D:2      | Reached XP level 5. HP: 28/28 MP: 9/15
  2019 | D:2      | Learned a level 5 spell: Lee's Rapid Deconstruction
  2204 | D:2      | Found a hazy altar of Hepliaklqana.
  2460 | D:3      | Reached XP level 6. HP: 14/32 MP: 5/17
  3304 | D:3      | Noticed Ijyb
  3474 | D:3      | Killed Ijyb
  4220 | D:4      | Noticed Eustachio
  4221 | D:4      | Noticed Menkaure
  4227 | D:4      | Killed Eustachio
  4227 | D:4      | Reached skill level 7 in Spellcasting
  4227 | D:4      | Reached XP level 7. HP: 35/36 MP: 7/19
  4367 | D:4      | Killed Menkaure
  4368 | D:4      | Noticed Blork the orc
  4426 | D:4      | Killed Blork the orc
  4426 | D:4      | Reached skill level 8 in Spellcasting
  4500 | D:4      | Found Purhin's Armour Boutique.
  4526 | D:4      | Gained mutation: You have sharp toenails. [potion of
                  | mutation]
  4526 | D:4      | Gained mutation: You have a somewhat thin skeletal
                  | structure. (Dex +2, Stealth) [potion of mutation]
  4582 | D:4      | Found a runed translucent door.
  4632 | D:4      | Noticed SeriousMike's ghost (amateur KoNe)
  4798 | D:4      | Found a glowing golden altar of the Shining One.
  5554 | D:4      | Killed SeriousMike's ghost
  5554 | D:4      | Reached skill level 9 in Spellcasting
  5554 | D:4      | Reached XP level 8. HP: 41/41 MP: 12/23
  5667 | D:5      | Entered Level 5 of the Dungeon
  6377 | D:5      | Found a staircase to the Ecumenical Temple.
  6384 | Temple   | Entered the Ecumenical Temple
  6392 | Temple   | Became a worshipper of Vehumet
  6571 | D:5      | Found Gappil's Weapon Emporium.
  6741 | D:5      | Reached skill level 10 in Spellcasting
  6884 | D:6      | Found a shattered altar of Ashenzari.
  7092 | D:6      | Reached skill level 5 in Dodging
  7240 | D:6      | Reached XP level 9. HP: 45/45 MP: 22/25
  7831 | D:7      | Found a hide-covered altar of Uskayaw.
  7861 | D:7      | Found a bloodstained altar of Trog.
  8073 | D:7      | Found a runed translucent door.
  8211 | D:7      | Reached * piety under Vehumet
  8211 | D:7      | Offered knowledge of Sting by Vehumet.
  8269 | D:7      | Noticed SeriousMike's ghost (novice TrMo)
  8529 | D:7      | Killed SeriousMike's ghost
  8529 | D:7      | Reached skill level 10 in Dodging
  8671 | D:8      | Found an opulent altar of Gozag.
  9015 | D:8      | Noticed Alannah's ghost (novice DsHu)
  9043 | D:8      | Found a shadowy altar of Dithmenos.
  9052 | D:8      | Found a transporter.
  9059 | D:8      | Found a transporter.
  9197 | D:8      | Reached XP level 10. HP: 50/50 MP: 5/26
  9396 | D:8      | Offered knowledge of Throw Frost by Vehumet.
  9629 | D:9      | Found Voochabu's Antique Armour Shop.
  9647 | D:9      | Bought a runed scarf for 256 gold pieces
  9695 | D:9      | Reached ** piety under Vehumet
  9767 | D:9      | Found a stormy altar of Qazlal.
  9801 | D:9      | Reached skill level 1 in Fighting
 10299 | D:9      | Found a white marble altar of Elyvilon.
 10301 | D:9      | Found a sparkling altar of Nemelex Xobeh.
 10542 | D:10     | Entered Level 10 of the Dungeon
 10718 | D:10     | Offered knowledge of Ignite Poison by Vehumet.
 10771 | D:10     | Reached skill level 11 in Spellcasting
 10886 | D:10     | Found Vodwic's Weapon Shop.
 11049 | D:10     | Reached *** piety under Vehumet
 11687 | D:10     | Reached skill level 10 in Earth Magic
 11761 | D:10     | Found a staircase to the Orcish Mines.
 11916 | Orc:1    | Entered Level 1 of the Orcish Mines
 11930 | Orc:1    | Offered knowledge of Conjure Flame by Vehumet.
 11937 | Orc:1    | Noticed an orc sorcerer
 11939 | Orc:1    | Noticed an orc warlord
 12025 | D:10     | Reached XP level 11. HP: 34/60 MP: 24/28
 12204 | D:11     | Noticed a two-headed ogre
 12307 | D:11     | Reached **** piety under Vehumet
 12309 | D:11     | Offered knowledge of Iskenderun's Mystic Blast by Vehumet.
 12452 | D:11     | Reached skill level 12 in Spellcasting
 12474 | D:11     | Noticed a two-headed ogre
 12478 | D:11     | Killed a two-headed ogre
 12677 | D:11     | Noticed a white ugly thing
 12687 | D:11     | Killed a white ugly thing
 12744 | D:11     | Reached skill level 5 in Fighting
 12937 | D:11     | Found a staircase to the Lair.
 13306 | D:11     | Killed a two-headed ogre
 13412 | Lair:1   | Entered Level 1 of the Lair of Beasts
 13472 | Lair:1   | Reached skill level 13 in Spellcasting
 13667 | Lair:1   | Found a gate leading to a gauntlet.
 13676 | Gauntlet | Entered a Gauntlet
 13676 | Gauntlet | Found a transporter.
 13676 | Gauntlet | Found a transporter.
 13676 | Gauntlet | Noticed a queen ant
 13810 | Gauntlet | Found a transporter.
 13814 | Gauntlet | Found a transporter.
 13814 | Gauntlet | Found a transporter.
 13836 | Gauntlet | Found a transporter.
 13848 | Gauntlet | Found a transporter.
 13852 | Gauntlet | Found a transporter.
 13858 | Gauntlet | Noticed a wretched star
 13867 | Gauntlet | Found a transporter.
 13883 | Gauntlet | Found a transporter.
 13883 | Gauntlet | Noticed a hell beast
 13888 | Gauntlet | Found a transporter.
 13908 | Gauntlet | Found a transporter.
 13914 | Gauntlet | Found a runed translucent door.
 14074 | Gauntlet | Killed a queen ant
 14074 | Gauntlet | Reached XP level 12. HP: 60/71 MP: 17/31
 14075 | Gauntlet | Reached ***** piety under Vehumet
 14075 | Gauntlet | Offered knowledge of Venom Bolt by Vehumet.
 14080 | Gauntlet | Got a brightly glowing hunting sling
 14326 | Gauntlet | Got a pair of translucent boots
 14334 | Gauntlet | Identified the cursed +0 pair of boots of the Mind {rPois}
                  | (You found it in a Gauntlet)
 14360 | Gauntlet | Identified the +7 war axe of Starshine {freeze, rPois rC+
                  | Int+3}
 14360 | Gauntlet | Identified the +3 arbalest "Alygehec" {speed, Int+2}
 14360 | Gauntlet | Noticed a minotaur
 14375 | Gauntlet | Hit by a javelin thrown by a minotaur

Levels and vault maps discovered:
D:1:      roderic_lyre, layout_basic, minmay_bisected
D:2:      layout_loops_cross, lemuel_coloured_pillars_altar,
          minmay_misc_feat_rugged, uniq_sigmund
D:3:      layout_basic, chequers_serial_rivers_room_a, uniq_ijyb
D:4:      layout_cave_pools, nicolae_tso_besieged_by_evil, serial_shops,
          nicolae_shop_temple_entry_statues_fountains, ebering_ghost_sewer_d,
          first_ration, uniq_menkaure, uniq_eustachio, uniq_blork_the_orc
D:5:      layout_loops_corners, minmay_temple_entry_enclosed_plants,
          serial_shops, nicolae_shop_behind_doors
D:6:      layout_basic, cheibrodos_ashenzari_chains
D:7:      layout_gridville, lemuel_crystal_altar, gammafunk_ghost_grave,
          basic_altar, minmay_lizard_king
D:8:      layout_loops_ring, kennysheep_little_box, grunt_gozag_breadcrumbs,
          gammafunk_ghost_mausoleum, the_bakery
D:9:      layout_loops_ring, kennysheep_mini_moat, grunt_temple_overflow_open,
          serial_shops, nicolae_shop_overgrown_old_shop
D:10:     layout_long_grid, erik_orc_2, serial_shops, shop_statue
D:11:     layout_loops_ring, lair_entry_dummy
Temple:   nicolae_temple_great_sept
Lair:1:   layout_roguey, gauntlet_entry_generic, chequers_serial_rivers_large_b
Orc:1:    layout_caves, nicolae_orc_lost_temple
Gauntlet: minmay_gauntlet_77_indecision
          [minmay_gauntlet_arena_77_terracotta_army,
          minmay_gauntlet_arena_77_radiant_squares,
          minmay_gauntlet_arena_77_path, minmay_gauntlet_arena_77_broken_ladder,
          minmay_gauntlet_arena_77_chump_sandwich,
          minmay_gauntlet_arena_77_tiled_triplets,
          nicolae_gauntlet_exit_dead_adventurers]

Skill      XL: |  1  2  3  4  5  6  7  8  9 10 11 12 |
---------------+-------------------------------------+-----
Spellcasting   | 4 6 7 9 10 11 13 | 13.8
Earth Magic    | 4 5 6 8 10 11 12 | 12.0
Dodging        | 7 12 | 12.3
Fighting       | 3 6 |  6.6
Stealth        | |  2.4
Transmutations | |  1.1

Action                   |  1- 3 |  4- 6 |  7- 9 | 10-12 || total
-------------------------+-------+-------+-------+-------++-------
Melee: Dagger            |     1 |     3 |     1 |    11 ||    16
       Kick              |       |       |       |     4 ||     4
       Staff             |       |       |       |     2 ||     2
 Cast: Sandblast         |    47 |    11 |   106 |   117 ||   281
       Stone Arrow       |       |    41 |    17 |   100 ||   158
       Lee's Rapid Decon |       |     1 |    24 |    70 ||    95
  Use: Scroll            |       |     5 |    10 |     8 ||    23
       Potion            |       |     1 |     1 |     2 ||     4
  Eat: Chunk             |     1 |     6 |    11 |    14 ||    32
       Ration            |       |     1 |     2 |     3 ||     6
Armor: Robe              |     2 |     6 |     8 |    11 ||    27
Dodge: Dodged            |    11 |    12 |    45 |   114 ||   182
Block: Other             |     2 |     1 |     3 |       ||     6
       Reflection        |       |     1 |     2 |       ||     3
